 Dungeon Crawl Stone Soup version 0.31-a0-1-g4198be8af4 (webtiles) character file.

Game seed: 10045292795381707240

248 jasper the Chopper (level 5, -2/39 (41) HPs)
             Began as a Demonspawn Cinder Acolyte on May 1, 2023.
             Was a High Priest of Ignis.
             Slain by a wight
             ... wielding a +1 battleaxe of freezing
              (14 damage)
             ... on level 4 of the Dungeon.
             The game lasted 00:04:22 (2907 turns).

jasper the Chopper (Demonspawn Cinder Acolyte)      Turns: 2907, Time: 00:04:23

HP:   -2/39 (41)    AC: 11    Str: 17    XL:     5   Next: 86%
MP:   6/6           EV:  7    Int: 15    God:    Ignis [*****.]
Gold: 240           SH:  4    Dex:  8    Spells: 6/6 levels left

rFire   + . .        a - -1 hand axe (flame)
rCold   . . .        (no shield)
rNeg    . . .        k - +0 chain mail
rPois   .            (no helmet)
rElec   .            x - +2 cloak
rCorr   .            (no gloves)
SInv    .            (no boots)
Will    .....        (no amulet) Stlth
                     (no ring)
HPRegen 0.26/turn    (no ring)
MPRegen 0.10/turn

%: no passive effects
@: lightly drained
A: condensation shield, weakness stinger 1
a: Renounce Religion, Fiery Armour, Foxfire Swarm, Rising Flame


You were on level 4 of the Dungeon.
You worshipped Ignis.
Ignis was extremely pleased with you.
You visited 1 branch of the dungeon, and saw 4 of its levels.

You collected 240 gold pieces.

Inventory:

Hand Weapons
 a - a -1 hand axe of flaming (weapon)
Missiles
 f - a boomerang
 g - 13 stones
 r - 7 poisoned darts (quivered)
 t - 3 silver javelins
Armour
 b - a +0 robe
 h - a +1 cloak
 k - a +0 chain mail (worn)
 x - a +2 cloak (worn)
Jewellery
 j - a ring of positive energy
Wands
 u - a wand of flame (13)
Scrolls
 d - a scroll of enchant armour
 l - a scroll of poison
 s - a scroll of identify
 w - a scroll of amnesia {unknown}
Potions
 c - 3 potions of curing
 e - a potion of might
 i - 3 potions of attraction
 m - 2 potions of degeneration
 n - a potion of invisibility {unknown}
 o - 2 potions of mutation {unknown}
 p - a potion of flight {unknown}
 q - a potion of heal wounds {unknown}
 v - a potion of haste {unknown}


   Skills:
 - Level 3.0 Fighting
 + Level 6.1 Axes
 - Level 1.0 Spellcasting
 - Level 2.6 Fire Magic


You had 6 spell levels left.
You didn't know any spells.
Your spell library contained the following spells:

 Spells                   Type           Power      Damage    Failure   Level
 Scorch                   Fire           16%        2d6       83%         2
 Apportation              Tloc           0%         N/A       97%         1
 Magic Dart               Conj           0%         1d3       97%         1
 Necrotise                Necr           0%         1d4       97%         1
 Sting                    Tmut/Pois      0%         1d3       97%         1
 Searing Ray              Conj           0%         2d4       99%         2
 Fulminant Prism          Conj/Hex       0%         3d5       100%        4
 Leda's Liquefaction      Hex/Erth       0%         N/A       100%        4
 Lee's Rapid Deconstruct  Erth           0%         3d4*      100%        5
 Statue Form              Tmut/Erth      0%         N/A       100%        6


Dungeon Overview and Level Annotations

Branches:
Dungeon (4/15)
 Temple: D:4-7

Altars:
Makhleb


Innate Abilities, Weirdness & Mutations

A meltable shield of frost defends you. (SH +4)
You have a small tail.


Message History

There is a stone staircase leading up here.
A howler monkey is nearby!
Throw: 7 darts (poison)
Press: ? - help, Q - select action, (/) - cycle Shift-Dir - straight line, f - howler monkey
Aim: a howler monkey (50% to hit)
You throw a poisoned dart.
The poisoned dart hits the howler monkey.
The howler monkey is poisoned.
The howler monkey hoots and howls with incredible vigour!
You hear a shout! x2
The howler monkey hoots and howls with incredible vigour!
The howler monkey hits you but does no damage.
The howler monkey hits you but does no damage.
The howler monkey hits you.
You take 2 damage, and have 39/41 hp.
You hit the howler monkey but do no damage.
The howler monkey is lightly wounded.
You block the howler monkey's attack.
You hit the howler monkey. You burn the howler monkey.
You tail-slap the howler monkey.
The howler monkey is severely wounded.
The howler monkey hits you.
You take 1 damage, and have 38/41 hp.
You hit the howler monkey. You burn the howler monkey.
You kill the howler monkey!
Your Axes skill increases to level 6!
You see here a howler monkey corpse.
HP restored.
r - 7 poisoned darts (gained 1)
A wight comes into view.
It is wielding a +1 battleaxe of freezing.
A wight comes into view. It is wielding a +0 falchion.
Health restored: 41
There are monsters nearby!
The wight hits you with a +1 battleaxe of freezing!
You feel drained. The wight freezes you!
You take 29 damage, and have 12/39 hp.
MASSIVE DAMAGE!!
You hit the wight. You burn the wight.
The wight is heavily damaged.
The wight hits you with a +1 battleaxe of freezing!
You die...

#..## ...
#.<######.#
##..†....#
##......#
#####..#
##.## #..#
##.# #@#
#z## #..#
#......#
.......##
z........#
z..........#
...........#
...........#


You could see a wight.

Vanquished Creatures
  A scorpion (D:3)
  A howler monkey (D:4)
  Crazy Yiuf (D:3)
  Jessica (D:3)
  An adder (D:3)
  3 dart slugs (D:1)
  5 orcs (D:3)
  6 endoplasms
  2 giant cockroaches
  8 goblins
  11 hobgoblins
  A jackal (D:3)
  9 kobolds
  4 quokkas
  6 ball pythons
  8 bats
  4 frilled lizards
  6 rats
78 creatures vanquished.

Notes
Turn   | Place    | Note
-------+----------+-------------------------------------------
     0 | D:1      | jasper the Demonspawn Cinder Acolyte began the quest for
                  | the Orb.
     0 | D:1      | Reached XP level 1. HP: 18/18 MP: 2/2
   213 | D:1      | Reached skill level 3 in Axes
   252 | D:1      | Gained mutation: You have a small tail. [demonic ancestry]
   252 | D:1      | Reached XP level 2. HP: 21/24 MP: 3/3
   704 | D:1      | Reached XP level 3. HP: 24/29 MP: 4/4
   791 | D:1      | Got Xuhy's Basics of Hermeneutics
  1141 | D:2      | Reached skill level 4 in Axes
  1444 | D:2      | Found a burning altar of Makhleb.
  1919 | D:3      | Reached XP level 4. HP: 24/35 MP: 5/5
  2362 | D:3      | Identified the +1 short sword of Uskayaw's Esteem {heavy,
                  | *Slow rF+ MP+9 Str+3}
  2441 | D:3      | Noticed Jessica
  2442 | D:3      | Killed Jessica
  2443 | D:3      | Reached skill level 5 in Axes
  2543 | D:3      | Noticed a scorpion
  2548 | D:3      | Killed a scorpion
  2549 | D:3      | Gained mutation: A meltable shield of frost defends you.
                  | (SH +4) [demonic ancestry]
  2549 | D:3      | Reached XP level 5. HP: 41/41 MP: 6/6
  2728 | D:3      | Found a runed translucent door.
  2729 | D:3      | Noticed Crazy Yiuf
  2739 | D:3      | Killed Crazy Yiuf
  2879 | D:4      | Reached skill level 6 in Axes
  2907 | D:4      | Slain by a wight

Illustrated notes

Levels and vault maps discovered:
D:1:      dpeg_arrival_circle_labyrinth_c, layout_basic, nicolae_eternal_life
D:2:      layout_rooms, basic_altar
D:3:      minmay_razor_zed, layout_loops_ring, uniq_crazy_yiuf_cottage,
          uniq_jessica
D:4:      layout_layer_cave, nicolae_sif_muna_condensation

Skill      XL: |  1  2  3  4  5 |
---------------+----------------+-----
Axes           | 3 4 5 6 |  6.1
Fighting       | |  3.0
Spellcasting   | |  1.0
Fire Magic     | |  2.6

Action                     |  1- 3 |  4- 6 || total
---------------------------+-------+-------++-------
  Melee: Hand axe          |   151 |    63 ||   214
         Tailslap          |    13 |     8 ||    21
         Punch             |     2 |       ||     2
  Throw: Stone             |    15 |     1 ||    16
         Dart              |       |     3 ||     3
 Invoke: Fiery Armour      |     1 |     2 ||     3
    Use: Scroll            |     6 |     1 ||     7
 Armour: Robe              |    21 |       ||    21
         Chain mail        |    50 |    28 ||    78
  Dodge: Dodged            |    80 |    19 ||    99
  Block: Other             |       |     2 ||     2

Table legend: (Time is in decaauts)
 A = Elapsed time spent in this place.
 B = Non-inter-level travel time spent in this place.
 C = Inter-level travel time spent in this place.
 D = Time resting spent in this place.
 E = Time spent auto-exploring this place.
 F = Levels seen in this place.
 G = Mean time per level.
                   A        B        C        D        E       F      G
               +--------+--------+--------+--------+--------+-----+--------+
         Total |   2936 |   2845 |     91 |    133 |   2035 |   4 |  734.0 |
       Dungeon |   2936 |   2845 |     91 |    133 |   2035 |   4 |  734.0 |
               +--------+--------+--------+--------+--------+-----+--------+

Top non-repeatable levels by time:
     D:3: 1142 daAuts
     D:1: 1125 daAuts
     D:2: 631 daAuts
     D:4: 36 daAuts
